 Dungeon Crawl Stone Soup version 0.22-a0-159-g7ce444f (webtiles) character file.

1614 KristoblXynda the Nimble (level 8, -5/63 HPs)
             Began as a Spriggan Berserker on Feb 9, 2018.
             Was an Elder of Trog.
             Killed from afar by an electric eel (11 damage)
             ... with a bolt of electricity
             ... on level 7 of the Dungeon.
             The game lasted 00:13:01 (7437 turns).

KristoblXynda the Nimble (Spriggan Berserker)       Turns: 7437, Time: 00:13:02

Health: -5/63      AC:  4    Str: 18    XL:     8   Next: 64%
Magic:  9/9        EV: 25    Int: 15    God:    Trog [****..]
Gold:   344        SH:  0    Dex: 16    Spells: 7/7 levels left

rFire    . . .     SeeInvis +   u - +1 dagger (venom)
rCold    . . .     Gourm    .   (shield restricted)
rNeg     . . .     Faith    .   b - +0 animal skin
rPois    .         Spirit   .   (helmet restricted)
rElec    .         Reflect  .   f - +1 cloak
rCorr    .         Harm     .   (gloves unavailable)
MR       +....                  (boots unavailable)
Stlth    ..........             (no amulet)
HPRegen  0.20/turn              y - +5 ring of intelligence
MPRegen  0.11/turn              (no ring)

@: berserking, starving, very quick
A: very small, unfitting armour, see invisible, herbivore, speed 3, slow
metabolism 2
a: Berserk, Trog's Hand, Brothers in Arms, Burn Spellbooks, Renounce Religion


You were on level 7 of the Dungeon.
You worshipped Trog.
Trog was greatly pleased with you.
You were starving.

You visited 2 branches of the dungeon, and saw 8 of its levels.

You collected 344 gold pieces.

Inventory:

Hand Weapons
 u - a +1 dagger of venom (weapon)
 z - a +0 blowgun
Missiles
 h - a throwing net (quivered)
 A - 23 poisoned needles
Armour
 b - a +0 animal skin (worn)
 f - a +1 cloak (worn)
Jewellery
 y - a +5 ring of intelligence (left hand)
Wands
 r - a wand of disintegration (12)
Scrolls
 a - a scroll of fog
 e - 2 scrolls of enchant armour
 g - a scroll of magic mapping
 j - 5 scrolls of teleportation
 k - 2 scrolls of immolation
 p - 3 scrolls of remove curse
 t - a scroll of fear
Potions
 d - 3 potions of invisibility
 i - 2 potions of lignification
 m - 2 potions of heal wounds
 o - 2 potions of haste
 q - 2 potions of curing
 v - a potion of magic {unknown}
 w - 2 potions of brilliance
 x - a potion of agility {unknown}
 B - a potion of flight {unknown}
Books
 l - a book of Misfortune

   Spells                             Type                      Level
   a - Confusing Touch                Hexes                        1
   b - Confuse                        Hexes                        3
   c - Gell's Gravitas                Translocation                3
   d - Petrify                        Transmutation/Earth          4
   e - Metabolic Englaciation         Hexes/Ice                    5
   f - Yara's Violent Unravelling     Hexes/Transmutation          5
   Trog disapproves of the use of such an item.
Comestibles
 c - 6 rations


   Skills:
 + Level 4.2 Fighting
 + Level 7.2 Short Blades
 + Level 9.4 Dodging
 + Level 9.0 Stealth


You had 7 spell levels left.
You didn't know any spells.

Dungeon Overview and Level Annotations

Branches:
Dungeon (7/15)             Temple (1/1) D:6

Altars:
Ashenzari
Cheibriados
Dithmenos
Elyvilon
Fedhas
Gozag
Hepliaklqana
Kikubaaqudgha
Makhleb
Nemelex Xobeh
Okawaru
Qazlal
Ru
Sif Muna
Trog
Uskayaw
Vehumet
Wu Jian
Xom
Yredelemnul
Zin
The Shining One

Shops:
D:4 :


Innate Abilities, Weirdness & Mutations

You are very small and have problems with some larger weapons.
You are too small for most types of armour.
You have supernaturally acute eyesight. (SInv)
You are a herbivore.
You cover ground extremely quickly.
You need consume almost no food.


Message History

You miss the electric eel. You hit the electric eel.
The electric eel is poisoned.
The electric eel is lightly wounded.
The leopard gecko barely misses you.
The electric eel shoots out a bolt of lightning at you!
The bolt of electricity hits you!
* * * LOW HITPOINT WARNING * * *
You puncture the electric eel!
The electric eel is heavily wounded.
You barely miss the electric eel.
The electric eel is heavily wounded.
The leopard gecko completely misses you.
You closely miss the electric eel.
The electric eel is heavily wounded.
You hit the leopard gecko.
The leopard gecko is poisoned.
The leopard gecko is lightly wounded.
The leopard gecko barely misses you.
The electric eel shoots out a bolt of lightning at you!
The bolt of electricity hits you!
You die...

≈♣♣♣♣♣ ≈P≈≈≈≈ ≈≈≈≈≈≈
≈≈≈≈≈≈♣## ≈P≈≈≈≈P≈##
;≈≈PP≈P≈≈####
≈P♣≈.≈≈≈P...##
5≈....[.≈.;.@....#
..........l.....#
....)...≈.≈≈P♣..#
..P≈≈≈≈P≈≈≈♣≈♣..#
♣PP≈≈≈≈≈≈≈♣P....#
###≈♣≈≈≈PP≈♣≈.....#
####...♣♣♣♣♣♣♣♣......#
#########
†).......♣♣♣♣♣.......#
#........
####..l...#..........#
#........


You could see an electric eel and a leopard gecko.

Vanquished Creatures
  Menkaure (D:4)
  An orc warrior (D:6)
  An ice beast (D:6)
  3 ogres
  A centaur (D:6)
  A big kobold (D:7)
  4 bullfrogs
  A jelly (D:7)
  4 bullfrog zombies
  2 hounds
  An orc wizard (D:6)
  3 bullfrog skeletons
  A centaur skeleton (D:6)
  A worker ant (D:4)
  2 killer bee zombies (D:6)
  A hound skeleton (D:4)
  2 gnolls (D:7)
  2 howler monkey skeletons
  6 adders
  2 oozes (D:3)
  An adder skeleton (D:4)
  2 adder zombies (D:6)
  2 worms
  2 dart slugs
  2 leopard geckos
  17 orcs
  3 bats
  9 giant cockroaches
  13 goblins
  8 hobgoblins
  4 jackals
  5 quokkas
  6 frilled lizards
  A giant cockroach zombie (D:6)
  2 jackal skeletons
  13 kobolds
  A leopard gecko zombie (D:6)
  2 quokka zombies
  6 rats
139 creatures vanquished.

Notes
Turn   | Place    | Note
-------+----------+-------------------------------------------
     0 | D:1      | KristoblXynda the Spriggan Berserker began the quest for the Orb.
     0 | D:1      | Reached XP level 1. HP: 11/11 MP: 2/2
    60 | D:1      | Found a shattered altar of Ashenzari.
    63 | D:1      | Reached skill level 1 in Stealth
   162 | D:1      | Reached XP level 2. HP: 11/16 MP: 3/3
   636 | D:1      | HP: 1/24 [jackal (2)]
   639 | D:1      | Reached skill level 5 in Dodging
  1195 | D:1      | Reached XP level 3. HP: 19/19 MP: 4/4
  1306 | D:2      | Reached ** piety under Trog
  1741 | D:2      | Reached XP level 4. HP: 23/23 MP: 5/5
  1777 | D:2      | Found a radiant altar of Vehumet.
  2797 | D:4      | Found Pogack's Book Shoppe.
  2870 | D:4      | Noticed Menkaure
  2873 | D:4      | Killed Menkaure
  2873 | D:4      | Reached skill level 5 in Stealth
  2873 | D:4      | Reached XP level 5. HP: 27/27 MP: 6/6
  2879 | D:4      | Reached skill level 5 in Short Blades
  2904 | D:4      | Reached *** piety under Trog
  3161 | D:4      | Reached XP level 6. HP: 13/32 MP: 7/7
  4115 | D:5      | Entered Level 5 of the Dungeon
  4229 | D:5      | Reached XP level 7. HP: 22/35 MP: 8/8
  5606 | D:6      | Found a staircase to the Ecumenical Temple.
  5706 | D:6      | Reached XP level 8. HP: 34/40 MP: 9/9
  5753 | Temple   | Entered the Ecumenical Temple
  7202 | D:7      | Reached **** piety under Trog
  7283 | D:7      | Found an iron altar of Okawaru.
  7437 | D:7      | Killed from afar by an electric eel

Vault maps used:
D:1:      dpeg_arrival_tiny_g, serial_forest, infiniplex_forest_clump_small,
          infiniplex_forest_end_3, infiniplex_forest_clump_diagonal,
          infiniplex_forest_lined_3, nicolae_ashenzari_panopticon
D:2:      lemuel_doored_altar, minivault_24
D:3:      first_ration
D:4:      serial_shops, shop, uniq_menkaure
D:6:      temple_doors_ab, serial_undead, serial_undead_a, serial_undead_a,
          serial_undead_e, serial_undead_b, serial_undead_c, serial_undead_c,
          serial_undead_a
D:7:      okawaru_metal_pillars_1_2, serial_bayou, serial_bayou_ford_a,
          serial_bayou_pond_a, serial_bayou_lagoon_a, serial_bayou_pond_e
Temple:   regret_index_temple_chain_breaker

Skill      XL: |  1  2  3  4  5  6  7  8 |
---------------+-------------------------+-----
Stealth        | 1 2 3 5 6 7 9 |  9.0
Dodging        | 5 6 7 8 9 |  9.4
Short Blades   | 4 5 6 7 |  7.2
Fighting       | 3 4 |  4.2

Action                   |  1- 3 |  4- 6 |  7- 9 || total
-------------------------+-------+-------+-------++-------
Melee: Short sword       |   161 |    64 |       ||   225
       Dagger            |       |   151 |   320 ||   471
Invok: Berserk           |     1 |     1 |     1 ||     3
       Trog's Hand       |       |       |     1 ||     1
Evoke: Wand              |       |       |     2 ||     2
  Use: Scroll            |       |    11 |     5 ||    16
       Potion            |       |     1 |     1 ||     2
 Stab: Sleeping          |     4 |    13 |     2 ||    19
       Distracted        |     1 |       |     3 ||     4
  Eat: Ration            |       |     2 |     1 ||     3
Armor: Animal skin       |    15 |    18 |    11 ||    44
Dodge: Dodged            |   111 |   176 |   251 ||   538

Table legend:
 A = Spawn XP
 B = Non-spawn XP
 C = Spawn XP percentage of total XP
 D = Spawn monster count
 E = Non-spawn monster count
 F = Spawn count percentage of total count
 G = Total turns spent on level
                    A         B        C        D         E        F      G
               +---------+---------+-------+---------+---------+-------+---------
         Total |       0 |    2306 |   0.0 |       0 |     139 |   0.0 |  7437
               +---------+---------+-------+---------+---------+-------+---------
           D:1 |       0 |      41 |   0.0 |       0 |      25 |   0.0 |  1228
           D:2 |       0 |      59 |   0.0 |       0 |      20 |   0.0 |   710
           D:3 |       0 |      64 |   0.0 |       0 |      23 |   0.0 |   859
           D:4 |       0 |     438 |   0.0 |       0 |      20 |   0.0 |  1318
           D:5 |       0 |     193 |   0.0 |       0 |       5 |   0.0 |   810
           D:6 |       0 |    1109 |   0.0 |       0 |      29 |   0.0 |  1942
           D:7 |       0 |     402 |   0.0 |       0 |      17 |   0.0 |   448
               +---------+---------+-------+---------+---------+-------+---------
